 Dungeon Crawl Stone Soup version 0.21.1-1-g345015f (webtiles) character file.

56 letownia2 the Chiller (level 3, -1/24 HPs)
             Began as a Merfolk Ice Elementalist on Feb 15, 2018.
             Slain by an orc priest
             ... wielding a +0 flail
              (4 damage)
             ... on level 2 of the Dungeon.
             The game lasted 00:03:45 (442 turns).

letownia2 the Chiller (Merfolk Ice Elementalist)     Turns: 442, Time: 00:03:46

Health: -1/24      AC:  2    Str: 13    XL:     3   Next: 95%
Magic:  6/6        EV: 13    Int: 20    God:
Gold:   99         SH:  0    Dex: 14    Spells: 2/6 levels left

rFire    . . .     SeeInvis .   a - +0 dagger
rCold    . . .     Gourm    .   (no shield)
rNeg     . . .     Faith    .   d - +0 robe
rPois    .         Spirit   .   (no helmet)
rElec    .         Reflect  .   (no cloak)
rCorr    .         Harm     .   (no gloves)
MR       .....                  (no boots)
Stlth    ++........             n - amulet of rage
HPRegen  0.08/turn              (no ring)
MPRegen  0.10/turn              (no ring)

@: mighty, brilliant, berserk cooldown, slowed, very slow
A: change form in water, swift swim, stealthy swim
a: Evoke Berserk Rage


You were on level 2 of the Dungeon.
You were not hungry.

You visited 1 branch of the dungeon, and saw 2 of its levels.

You collected 99 gold pieces.

Inventory:

Hand Weapons
 a - a +0 dagger (weapon)
 b - a +0 hunting sling
Missiles
 i - 22 stones (quivered)
 l - 16 sling bullets
Armour
 d - a +0 robe (worn)
 k - a +0 leather armour
Jewellery
 n - an amulet of rage (around neck)
Scrolls
 e - 3 scrolls of identify {unknown}
 f - a scroll of remove curse {unknown}
 j - a scroll of random uselessness {unknown}
 o - a scroll of magic mapping {unknown}
Potions
 p - a potion of resistance {unknown}
 q - a potion of mutation {unknown}
Books
 h - a book of Frost

   Spells                             Type                      Level
   a - Freeze                         Ice                          1
   b - Throw Frost                    Conjuration/Ice              2
   c - Ozocubu's Armour               Charms/Ice                   3
   d - Throw Icicle                   Conjuration/Ice              4
   e - Summon Ice Beast               Ice/Summoning                4
Comestibles
 c - a ration


   Skills:
 - Level 2.6 Dodging
 - Level 2.1 Stealth
 - Level 2.0 Spellcasting
   Level 0.7 Conjurations
 + Level 5.2 Ice Magic


You had 2 spell levels left.
You knew the following spells:

 Your Spells              Type           Power        Failure   Level  Hunger
a - Freeze                Ice            ####         1%          1    #......
o - Ozocubu's Armour      Chrm/Ice       ###.....     1%          3    ###....


Dungeon Overview and Level Annotations

Branches:
Dungeon (2/15)

Altars:


Message History

* * * LOW HITPOINT WARNING * * *
Unknown command.
You puncture the orc wizard!
The orc wizard is severely wounded.
You are no longer berserk.
You are exhausted.
You feel yourself slow down.
Unknown command.
Okay, then.
Okay, then.
It was a potion of brilliance.
You feel clever all of a sudden. The orc wizard barely misses you.
Things that are here:
a whip; a hunting sling; a leather armour Unknown command.
It was a potion of might.
You feel very mighty all of a sudden. The orc priest hits you with a flail.
You die...

.......... .....##### .....[#
.....†##### ######### #
..........# ##.......# .#
......###.######........##.#
#...#.#
#.....#............###
#####.#
#.....#.o†)o........(#
#.###.......@#.#.##.####.#
###..##.......##.#....#
#....##.............######..
#...........................
#.........>..##......>......
#..#..#...............#######
...###.#.##.............###
### #.#....#...###.......#
#.#........# #....##..#


You could see an orc priest and an orc wizard.

Vanquished Creatures
  An orc wizard (D:2)
  2 dart slugs (D:1)
  2 orcs (D:2)
  A bat (D:2)
  A goblin (D:2)
  3 hobgoblins
  3 jackals
  A frilled lizard (D:2)
  3 kobolds
  3 rats
20 creatures vanquished.

Notes
Turn   | Place    | Note
-------+----------+-------------------------------------------
     0 | D:1      | letownia2 the Merfolk Ice Elementalist began the quest for the Orb.
     0 | D:1      | Reached XP level 1. HP: 13/13 MP: 3/3
    95 | D:1      | Reached XP level 2. HP: 8/19 MP: 0/5
   158 | D:1      | Reached skill level 4 in Ice Magic
   377 | D:2      | Reached XP level 3. HP: 17/24 MP: 3/6
   383 | D:2      | Learned a level 3 spell: Ozocubu's Armour
   433 | D:2      | Reached skill level 5 in Ice Magic
   442 | D:2      | Slain by an orc priest

Skill      XL: |  1  2  3 |
---------------+----------+-----
Ice Magic      | 4 5 |  5.2
Dodging        | |  2.6
Stealth        | |  2.1
Spellcasting   | |  2.0
Conjurations   | |  0.7

Action                   || total
-------------------------++-------
Melee: Dagger            ||    19
 Fire: Hunting sling     ||    11
 Cast: Freeze            ||    22
 Abil: Evoke Berserk Rag ||     1
  Use: Potion            ||     2
Armor: Robe              ||     7
Dodge: Dodged            ||    30
